General information
- name: BNet
- type: Ladder team game (AT/RT)
- host: Battle.net
- saver: GODIEPLZ
map: RiverOfSouls
- players: 6
- length: 19:00
- speed: Fast
- version: 1.24 W3XP
- replay type: Public
» download(186 KB)
Players
team 1 (winner)
CoLeGePaRtYeR17 (
blue | 88 APM | 1668 actions | 18:59)
5 Archmage
2 Summon Water Elemental
2 Brilliance Aura
1 Blizzard
3 Mountain King
2 Storm Bolt
1 Thunder Clap
2 Paladin
1 Holy Light
1 Divine Shield
» actions
| Assign group hotkey | 69 | |
| Basic commands | 56 | |
| Build / train | 64 | |
| ESC pressed | 1 | |
| Enter build submenu | 15 | |
| Enter hero's abilities submenu | 11 | |
| Remove unit from queue | 1 | |
| Right click | 819 | |
| Select / deselect | 398 | |
| Select group hotkey | 143 | |
| Use ability | 91 | |
1668 total
» units
» upgrades
| Defend | 1 | |
| Plating | 2 | |
| Long Rifles | 1 | |
| Animal War Training | 1 | |
| Swords | 2 | |
7 total
» buildings
| Altar of Kings | 1 | |
| Barracks | 1 | |
| Farm | 7 | |
| Scout Tower | 1 | |
| Arcane Vault | 1 | |
| Arcane Tower | 1 | |
| Keep | 1 | |
| Castle | 1 | |
| Blacksmith | 1 | |
| Lumber Mill | 1 | |
16 total
» build order
00:04 Altar of Kings
00:07 Barracks
00:32 Farm
01:01 Farm
01:42 Scout Tower
01:48 Farm
01:58 Arcane Vault
02:19 Arcane Tower
03:08 Farm
03:09 Farm
04:10 Keep
04:28 Farm
04:29 Farm
06:37 Castle
06:38 Blacksmith
06:39 Lumber Mill
» items
| Scroll of Regeneration | 1 | |
| Potion of Healing | 3 | |
| Scroll of Town Portal | 2 | |
| Lesser Clarity Potion | 1 | |
| Staff of Sanctuary | 1 | |
| Tome of Retraining | 2 | |
10 total
CORRUPTEDEVIL (
orange | 91 APM | 1721 actions | 19:00)
4 Keeper of the Grove
2 Entangling Roots
2 Thorns Aura
» actions
| Assign group hotkey | 111 | |
| Basic commands | 6 | |
| Build / train | 40 | |
| Enter build submenu | 10 | |
| Enter hero's abilities submenu | 4 | |
| Remove unit from queue | 4 | |
| Right click | 739 | |
| Select / deselect | 253 | |
| Select group hotkey | 493 | |
| Use ability | 61 | |
1721 total
» units
» upgrades
| Moon Armor | 1 | |
| Strength of the Moon | 1 | |
| Ultravision | 1 | |
3 total
» buildings
| Altar of Elders | 1 | |
| Moon Well | 3 | |
| Hunter's Hall | 1 | |
| Ancient of War | 2 | |
| Tree of Life | 1 | |
| Tree of Ages | 1 | |
9 total
» build order
00:10 Altar of Elders
00:19 Moon Well
01:39 Hunter's Hall
01:41 Ancient of War
02:05 Ancient of War
02:20 Moon Well
04:03 Moon Well
05:18 Tree of Life
15:04 Tree of Ages
» items
| Potion of Healing | 1 | |
| Potion of Mana | 1 | |
2 total
GODIEPLZ (
purple | 116 APM | 2202 actions | 19:00)
4 Death Knight
2 Death Coil
2 Unholy Aura
4 Lich
3 Frost Nova
1 Frost Armor
1 Crypt Lord
1 Impale
» actions
| Assign group hotkey | 22 | |
| Basic commands | 141 | |
| Build / train | 53 | |
| ESC pressed | 1 | |
| Enter build submenu | 16 | |
| Enter hero's abilities submenu | 9 | |
| Right click | 1137 | |
| Select / deselect | 417 | |
| Select group hotkey | 319 | |
| Use ability | 87 | |
2202 total
» units
| Acolyte | 2 | |
| Ghoul | 3 | |
| Crypt Fiend | 10 | |
| Frost Wyrm | 3 | |
18 total
» upgrades
| Creature Attack | 3 | |
| Burrow | 1 | |
| Creature Carapace | 2 | |
| Web | 1 | |
7 total
» buildings
| Crypt | 1 | |
| Graveyard | 1 | |
| Altar of Darkness | 1 | |
| Ziggurat | 9 | |
| Tomb of Relics | 1 | |
| Nerubian Tower | 1 | |
| Halls of the Dead | 1 | |
| Black Citadel | 1 | |
| Sacrificial Pit | 1 | |
| Boneyard | 2 | |
19 total
» build order
00:06 Crypt
00:20 Graveyard
00:42 Altar of Darkness
00:58 Ziggurat
01:23 Tomb of Relics
01:28 Ziggurat
02:01 Nerubian Tower
04:12 Halls of the Dead
04:14 Ziggurat
05:12 Ziggurat
05:50 Ziggurat
07:38 Black Citadel
08:08 Sacrificial Pit
10:04 Boneyard
10:09 Boneyard
10:11 Ziggurat
10:21 Ziggurat
12:43 Ziggurat
18:18 Ziggurat
» items
| Rod of Necromancy | 3 | |
| Scroll of Town Portal | 5 | |
| Potion of Healing | 1 | |
| Orb of Corruption | 1 | |
| Potion of Lesser Invulnerability | 1 | |
| Scroll of Healing | 1 | |
| Scroll of Protection | 1 | |
13 total
team 2 (loser)
PiRate.Xs (
red | 154 APM | 2920 actions | 18:59)
3 Blood Mage
2 Flame Strike
1 Siphon Mana
» actions
| Assign group hotkey | 25 | |
| Basic commands | 171 | |
| Build / train | 62 | |
| ESC pressed | 11 | |
| Enter build submenu | 25 | |
| Enter hero's abilities submenu | 3 | |
| Right click | 1142 | |
| Select / deselect | 583 | |
| Select group hotkey | 822 | |
| Use ability | 76 | |
2920 total
» units
| Peasant | 20 | |
| Footman | 19 | |
| Priest | 2 | |
| Sorceress | 5 | |
| Knight | 4 | |
| Dragonhawk Rider | 1 | |
51 total
» upgrades
| Defend | 1 | |
| Swords | 1 | |
| Animal War Training | 1 | |
3 total
» buildings
| Altar of Kings | 1 | |
| Barracks | 3 | |
| Farm | 10 | |
| Lumber Mill | 1 | |
| Arcane Vault | 1 | |
| Keep | 1 | |
| Blacksmith | 1 | |
| Arcane Sanctum | 3 | |
| Castle | 1 | |
| Gryphon Aviary | 1 | |
23 total
» build order
00:06 Altar of Kings
00:19 Barracks
00:23 Farm
00:52 Farm
01:23 Farm
02:17 Farm
03:28 Lumber Mill
03:47 Arcane Vault
05:09 Keep
05:22 Farm
05:35 Blacksmith
07:10 Farm
07:51 Arcane Sanctum
08:04 Castle
09:00 Barracks
09:03 Arcane Sanctum
09:08 Arcane Sanctum
09:17 Barracks
09:52 Farm
09:54 Farm
09:55 Farm
09:56 Farm
13:55 Gryphon Aviary
» items
| Scroll of Regeneration | 1 | |
| Lesser Clarity Potion | 1 | |
2 total
Strevol (
yellow | 105 APM | 1980 actions | 18:56)
4 Archmage
2 Summon Water Elemental
2 Brilliance Aura
2 Mountain King
1 Storm Bolt
1 Thunder Clap
» actions
| Assign group hotkey | 22 | |
| Basic commands | 1 | |
| Build / train | 48 | |
| ESC pressed | 1 | |
| Enter build submenu | 13 | |
| Enter hero's abilities submenu | 6 | |
| Right click | 891 | |
| Select / deselect | 268 | |
| Select group hotkey | 675 | |
| Use ability | 55 | |
1980 total
» units
| Peasant | 14 | |
| Footman | 5 | |
| Rifleman | 12 | |
| Mortar Team | 3 | |
34 total
» upgrades
» buildings
| Altar of Kings | 1 | |
| Barracks | 1 | |
| Farm | 8 | |
| Blacksmith | 1 | |
| Keep | 1 | |
| Workshop | 1 | |
| Castle | 1 | |
| Town Hall | 1 | |
15 total
» build order
00:07 Altar of Kings
00:11 Barracks
00:17 Farm
00:50 Farm
02:07 Farm
02:53 Blacksmith
03:12 Farm
03:30 Keep
04:30 Farm
05:02 Farm
05:47 Farm
07:17 Workshop
08:18 Farm
13:54 Castle
15:08 Town Hall
XS.ACiD- (
teal | 187 APM | 3556 actions | 18:58)
4 Tauren Chieftain
2 War Stomp
2 Endurance Aura
3 Shadow Hunter
1 Hex
2 Healing Wave
1 Blademaster
1 Wind Walk
» actions
| Assign group hotkey | 50 | |
| Basic commands | 14 | |
| Build / train | 73 | |
| Enter build submenu | 17 | |
| Enter hero's abilities submenu | 8 | |
| Give item / drop item | 1 | |
| Right click | 1558 | |
| Select / deselect | 658 | |
| Select group hotkey | 1029 | |
| Use ability | 148 | |
3556 total
» units
| Peon | 9 | |
| Troll Headhunter/Berserker | 25 | |
| Troll Witch Doctor | 4 | |
38 total
» upgrades
| Troll Regeneration | 1 | |
| Ranged Weapons | 1 | |
| Berserker Upgrade | 1 | |
| Witch Doctor Training | 2 | |
| Shaman Training | 1 | |
6 total
» buildings
| Altar of Storms | 1 | |
| Orc Burrow | 6 | |
| War Mill | 1 | |
| Barracks | 2 | |
| Voodoo Lounge | 1 | |
| Stronghold | 2 | |
| Fortress | 3 | |
| Spirit Lodge | 2 | |
| Great Hall | 2 | |
20 total
» build order
00:06 Altar of Storms
00:18 Orc Burrow
00:49 War Mill
01:33 Barracks
01:37 Barracks
01:55 Orc Burrow
02:15 Voodoo Lounge
04:14 Stronghold
04:14 Stronghold
04:28 Orc Burrow
07:20 Fortress
07:21 Fortress
08:05 Spirit Lodge
08:09 Orc Burrow
10:26 Orc Burrow
11:02 Great Hall
11:38 Orc Burrow
12:52 Great Hall
14:54 Spirit Lodge
» items
| Healing Salve | 2 | |
| Lesser Clarity Potion | 2 | |
| Potion of Healing | 3 | |
| Orb of Lightning | 1 | |
| Orb of Fire | 1 | |
9 total
Chat log
(00:52 / All) CORRUPTEDEVIL: MY ALLIES WANT ME TO GO HUNTS
(00:58 / All) Strevol: go for it
(13:30 / All) Strevol: noob
(18:50 / All) CORRUPTEDEVIL: GGGGGGGGGG
(18:53 / All) Strevol: stfu